 Dungeon Crawl Stone Soup version 0.22-a0-750-ga7dcef7 (webtiles) character file.

8 Amnesiac the Digger (level 2, 19/19 HPs)
             Began as a Demonspawn Earth Elementalist on July 16, 2018.
             Quit the game on level 2 of the Dungeon.
             The game lasted 00:00:50 (195 turns).

Amnesiac the Digger (Demonspawn Earth Elementalist)  Turns: 195, Time: 00:00:50

Health: 19/19      AC:  2    Str:  8    XL:     2   Next: 0%
Magic:  5/5        EV: 12    Int: 16    God:
Gold:   9          SH:  0    Dex: 13    Spells: 4/5 levels left

rFire    . . .     SeeInvis .   a - +0 hunting sling
rCold    . . .     Gourm    .   (no shield)
rNeg     . . .     Faith    .   c - +0 robe
rPois    .         Spirit   .   (no helmet)
rElec    .         Reflect  .   (no cloak)
rCorr    .         Harm     .   (no gloves)
MR       .....                  (no boots)
Stlth    ++........             (no amulet)
HPRegen  0.06/turn              (no ring)
MPRegen  0.09/turn              (no ring)

@: no status effects
A: hooves 1
a: no special abilities


You were on level 2 of the Dungeon.
You were not hungry.

You visited 1 branch of the dungeon, and saw 2 of its levels.

You collected 9 gold pieces.

Inventory:

Hand Weapons
 a - a +0 hunting sling (weapon)
 f - a +0 dagger
Missiles
 b - 20 stones (quivered)
Armour
 c - a +0 robe (worn)
Potions
 e - 2 potions of brilliance {!q, unknown}
Comestibles
 d - a ration


   Skills:
 + Level 1.9 Dodging
 - Level 2.0 Stealth
 + Level 2.1 Spellcasting
   Level 0.8 Transmutations
 * Level 2.9 Earth Magic


You had 4 spell levels left.
You knew the following spells:

 Your Spells              Type           Power        Failure   Level  Hunger
a - Sandblast             Erth           ##....       6%          1    #......

Your spell library contained the following spells:

 Spells                   Type           Power        Failure   Level  Hunger
 Stone Arrow              Conj/Erth      #.....       32%         3    ###....
 Passwall                 Tmut/Erth      #.......     14%         2    ###....
 Lee's Rapid Deconstruct  Erth           ##........   86%         5    ######.
 Petrify                  Tmut/Erth      #.......     67%         4    #####..


Dungeon Overview and Level Annotations

Branches:
Dungeon (2/15)

Altars:


Innate Abilities, Weirdness & Mutations

You have large cloven feet.


Message History

There is a stone staircase leading down here.
You climb downwards.
There is a stone staircase leading up here.
A goblin comes into view. It is wielding a dagger.
A goblin is nearby!
Firing (i - inventory)
b - 27 stones (quivered)
Press: ? - help, Shift-Dir - straight line, f - goblin
Aim: a goblin, wielding a dagger (resting)
You shoot a stone. The stone hits the goblin.
The goblin is heavily wounded.
Firing (i - inventory)
b - 26 stones (quivered)
Press: ? - help, Shift-Dir - straight line, f/p - goblin
Aim: a goblin, wielding a dagger (heavily wounded)
You shoot a stone. The stone completely misses the goblin.
Firing (i - inventory)
b - 25 stones (quivered)
Press: ? - help, Shift-Dir - straight line, f/p - goblin
Aim: a goblin, wielding a dagger (heavily wounded)
You shoot a stone.
The stone hits the goblin but does no damage.
The goblin is heavily wounded.
Firing (i - inventory)
b - 24 stones (quivered)
Press: ? - help, Shift-Dir - straight line, f/p - goblin
Aim: a goblin, wielding a dagger (heavily wounded)
You shoot a stone. The stone completely misses the goblin.
Firing (i - inventory)
b - 23 stones (quivered)
Press: ? - help, Shift-Dir - straight line, f/p - goblin
Aim: a goblin, wielding a dagger (heavily wounded)
You shoot a stone. The stone barely misses the goblin.
Firing (i - inventory)
b - 22 stones (quivered)
Press: ? - help, Shift-Dir - straight line, f/p - goblin
Aim: a goblin, wielding a dagger (heavily wounded)
You shoot a stone. The stone completely misses the goblin.
The goblin barely misses you.
Firing (i - inventory)
b - 21 stones (quivered)
Press: ? - help, Shift-Dir - straight line, f/p - goblin
Aim: a goblin, wielding a dagger (heavily wounded)
You shoot a stone. The stone hits the goblin.
You kill the goblin!
No target in view!
Found a stone staircase leading down.
b - 21 stones (gained 1)
You now have 9 gold pieces.
You see here a dagger.
f - a dagger
b - 22 stones (gained 1)
A hobgoblin comes into view. It is wielding a club.
The hobgoblin shouts!
You see here 2 stones.
Firing (i - inventory)
b - 22 stones (quivered)
Press: ? - help, Shift-Dir - straight line, f - hobgoblin
Aim: a hobgoblin, wielding a club You shoot a stone.
The stone hits the hobgoblin.
The hobgoblin is heavily wounded.
Firing (i - inventory)
b - 21 stones (quivered)
Press: ? - help, Shift-Dir - straight line, f/p - hobgoblin
Aim: a hobgoblin, wielding a club (heavily wounded)
You shoot a stone. The stone hits the hobgoblin.
You kill the hobgoblin!
Training target 2.0 for Stealth reached!
Your Stealth skill increases to level 2!
You have reached level 2!
Your demonic ancestry asserts itself...
Your feet thicken and deform.
Are you sure you want to abandon this character and quit the game? (Confirm with "yes".)

......######.#
............##
.............#
#####..........#
#...#(.........#
#..(#..........##
##.#..(#...........#
#................#.#
#......@...#####.#.####
.......(...# #......#
.......##.## ####.#.#
.#..... #+# #...<..#
#..... #.#....# #####.
# ###..# #. ..# #. ..#
..#


There were no monsters in sight!

Vanquished Creatures
  A goblin (D:2)
  3 hobgoblins
  3 bats (D:1)
  A rat (D:1)
8 creatures vanquished.

Notes
Turn   | Place    | Note
-------+----------+-------------------------------------------
     0 | D:1      | Amnesiac the Demonspawn Earth Elementalist began the quest for the Orb.
     0 | D:1      | Reached XP level 1. HP: 13/13 MP: 3/3
   194 | D:2      | Gained mutation: You have large cloven feet. [demonic ancestry]
   194 | D:2      | Reached XP level 2. HP: 19/19 MP: 5/5
   195 | D:2      | Quit the game

Vault maps used:
D:1:      dpeg_arrival_rhombus, serial_curves, eino_curves_04, eino_curves_03
D:2:      first_ration, chequers_ecumenical_altar_lobes,
          minmay_misc_feat_plants, minmay_tetromino_i4, uniq_robin, uniq_sigmund

Skill      XL: |  1 |
---------------+----+-----
Stealth        | 2 |  2.0
Dodging        | |  1.9
Spellcasting   | |  2.1
Transmutations | |  0.8
Earth Magic    | |  2.9

Action                   || total
-------------------------++-------
 Fire: Hunting sling     ||    32
Armor: Robe              ||     4
Dodge: Dodged            ||    13

Table legend:
 A = Spawn XP
 B = Non-spawn XP
 C = Spawn XP percentage of total XP
 D = Spawn monster count
 E = Non-spawn monster count
 F = Spawn count percentage of total count
 G = Total turns spent on level
                    A         B        C        D         E        F      G
               +---------+---------+-------+---------+---------+-------+---------
         Total |       0 |      12 |   0.0 |       0 |       8 |   0.0 |   195
               +---------+---------+-------+---------+---------+-------+---------
           D:1 |       0 |       8 |   0.0 |       0 |       6 |   0.0 |   167
           D:2 |       0 |       4 |   0.0 |       0 |       2 |   0.0 |    28
               +---------+---------+-------+---------+---------+-------+---------
